Kradschützen Motorcycle Team
Kradschützen Motorcycle Team
Construct Light Support Kompanie
Panzerjäger Mechanized Group
Selects L6/40 Light Tank Combat Group
L6/40 Light Tank Combat Group
Pak 38 Anti-tank Gun Team
Selects Towed Cannone da 105/28 Field Howitzer
Pak 38 Anti-tank Gun Team
Panzerjäger Mechanized Group
Selects Prepared Positions
Construct Panzerarmee Kommand
Selects Obice 305mm Barrage